 Dungeon Crawl Stone Soup version 0.17-a0-968-gf8e1f1d (webtiles) character file.

17 Gorice the Vexing (level 2, -2/16 HPs)
             Began as a Deep Elf Wanderer on May 9, 2015.
             Slain by a goblin
             ... wielding a +0 dagger
              (6 damage)
             ... on level 2 of the Dungeon.
             The game lasted 00:04:14 (1090 turns).

Gorice the Vexing (Deep Elf Wanderer)               Turns: 1090, Time: 00:04:14

Health: -2/16      AC:  3    Str:  9    XL:     2   Next: 44%
Magic:  6/6        EV: 12    Int: 15    God:
Gold:   27         SH:  0    Dex: 15    Spells: 0 memorised, 4 levels left

rFire  . . .     SeeInvis .     a - +0 dagger
rCold  . . .     Clarity  .     d - +0 robe
rNeg   . . .     SustAb   .     (no shield)
rPois  .         Gourm    .     (no helmet)
rElec  .         Spirit   .     (no cloak)
rCorr  .         Warding  .     (no gloves)
rMut   .         Stasis   .     j - +0 pair of boots
MR     .....                    (no amulet)
Stlth  ++........               (no ring)
                                (no ring)

@: not resistant to hostile enchantments, unstealthy
A: no striking features
a: no special abilities


You were on level 2 of the Dungeon.
You were not hungry.

You visited 1 branch of the dungeon, and saw 2 of its levels.

You collected 27 gold pieces.

Inventory:

Hand weapons
 a - a +0 dagger (weapon)
 c - a +0 spear
 l - a +0 hunting sling
Missiles
 Z - 5 stones (quivered)
Armour
 d - a +0 robe (worn)
 j - a +0 pair of boots (worn)
Magical devices
 g - a wand of enslavement (15)
Scrolls
 f - 2 scrolls of remove curse {unknown}
 i - a scroll of enchant weapon {unknown}
Potions
 h - a potion of curing {unknown}
Books
 b - the Compendium of Pathos

   Spells                             Type                      Level
   a - Summon Small Mammal            Summoning                    1
   b - Summon Guardian Golem          Hexes/Summoning              3
Comestibles
 e - a bread ration {!e}
 k - a chunk of flesh


   Skills:
 + Level 1.5 Fighting
 * Level 1.5 Short Blades
 - Level 1.1 Throwing
 - Level 1.2 Dodging
 - Level 1.2 Stealth
 - Level 1.5 Spellcasting
   Level 2.6 Hexes
   Level 2.1 Earth Magic
 - Level 1.1 Evocations


You had 4 spell levels left.
You didn't know any spells.

Dungeon Overview and Level Annotations

Branches:
Dungeon (2/15)

Altars:


Message History

l - a hunting sling Eating one of 2 chunks of flesh.
This raw flesh tastes terrible.
You continue eating. x2 3 jackals come into view.
The jackal barks! x2 2 jackals come into view.
A jackal comes into view.
Things that are here:
a club x2
The jackal barely misses you.
A jackal comes into view.
The jackal bites you but does no damage.
The jackal bites you but does no damage.
The jackal completely misses you.
You hit the jackal.
The jackal is heavily wounded.
The jackal closely misses you.
You closely miss the jackal.
The jackal is heavily wounded.
The jackal completely misses you.
You hit the jackal but do no damage.
The jackal is heavily wounded.
The jackal misses you.
You barely miss the jackal.
The jackal is heavily wounded.
The jackal bites you but does no damage.
The jackal bites you.
Damage: 1 (max 1)
The jackal barks!
You hit the jackal.
The jackal is almost dead.
The jackal barely misses you.
The jackal barks!
You hit the jackal.
You kill the jackal!
There is a stone staircase leading down here.
The goblin hits you with a dagger.
You climb downwards.
A bat and a rat come into view.
Found an escape hatch in the floor.
There is a stone staircase leading up here.
Damage: 3 (max 3) Unknown command.
You closely miss the goblin. The bat barely misses you.
The bat barely misses you. The goblin hits you with a dagger.
* * * LOW HITPOINT WARNING * * *
Damage: 2 (max 3)
You barely miss the goblin. The bat barely misses you.
The bat hits you but does no damage. The goblin hits you with a dagger.
You die...

.#. ...
.>#. .....
####+.#.##
#b........
#.........
+@<.......
#g........
#.........
#.........
#......§..
#......§§§
......r.§§
#.......§§


You could see a goblin, a bat and a rat.

Vanquished Creatures
  A ball python (D:1)
  A bat (D:1)
  2 goblins (D:1)
  3 hobgoblins (D:1)
  A jackal (D:1)
  3 kobolds (D:1)
  A giant cockroach (D:1)
  A giant newt (D:1)
  2 rats (D:1)
15 creatures vanquished.

Notes
Turn   | Place    | Note
--------------------------------------------------------------
     0 | D:1      | Gorice, the Deep Elf Wanderer, began the quest for the Orb.
     0 | D:1      | Gorice set off with: a wand of enslavement (15), the Compendium of Pathos, a +0 spear, a +0 robe, a bread ration {!e}
     0 | D:1      | Reached XP level 1. HP: 12/12 MP: 5/5
     0 | D:1      | Identified the Compendium of Pathos
    15 | D:1      | HP: 2/12 [kobold/dagger (5)]
   344 | D:1      | HP: 3/12 [kobold (1)]
   428 | D:1      | Reached XP level 2. HP: 6/16 MP: 6/6
   654 | D:1      | Reached skill level 1 in Short Blades
  1088 | D:2      | HP: 4/16 [goblin/dagger (2)]
  1090 | D:2      | Slain by a goblin

Action                   || total
-------------------------++-------
Melee: Dagger            ||    76
       Spear             ||    11
Throw: Stone             ||     2
  Eat: Chunk             ||     1

Table legend:
 A = Turns spent in this place as a percentage of turns spent in the entire game.
 B = Non-inter-level travel turns spent in this place as a percentage of non-inter-level travel turns spent in the entire game.
 C = Inter-level travel turns spent in this place as a percentage of turns spent in this place.
 D = Turns resting spent in this place as a percentage of non-inter-level travel turns spent in this place.
 E = Turns spent auto-exploring this place as a percentage of non-inter-level travel turns spent in this place.
 F = Non-inter-level travel turns spent in this place divided by the number of levels of this place that you've seen.
                   A       B       C       D       E      F
               +-------+-------+-------+-------+-------+----------------------
         Total | 100.0 | 100.0 |   0.0 |   5.1 |   3.4 | 147.5
       Dungeon | 100.0 | 100.0 |   0.0 |   5.1 |   3.4 | 147.5
               +-------+-------+-------+-------+-------+----------------------

Vault maps used:
D:1:      minmay_arrival_pointy
D:2:      first_bread, serial_undead, serial_undead_c, serial_undead_b,
          serial_undead_b, serial_undead_b, serial_undead_e, serial_undead_e,
          serial_undead_d, grunt_decor_mini_mirrors
